 Dungeon Crawl Stone Soup version 0.32-a0-643-ga006e77 (webtiles) character file.

Game seed: 3399683292862947052

228 Meow the Conjurer (level 6, 49/49 HPs)
             Began as a Naga Conjurer on Mar 7, 2024.
             Quit the game on level 3 of the Dungeon.
             The game lasted 00:10:27 (2525 turns).

Meow the Conjurer (Naga Conjurer)                   Turns: 2525, Time: 00:10:27

Health: 49/49      AC:  5    Str:  9    XL:     6   Next: 2%
Magic:  11/12      EV:  9    Int: 20    God:
Gold:   182        SH:  0    Dex: 10    Spells: 10/13 levels left

rFire   . . .        a - +2 whip (pain)
rCold   . . .        (no shield)
rNeg    . . .        d - +0 robe
rPois   +            l - +0 helmet
rElec   .            (no cloak)
rCorr   .            q - +0 pair of gloves
SInv    +            (no barding)
Will    .....        (no amulet)
Stlth   ++           (no ring)
HPRegen 0.28/turn    (no ring)
MPRegen 0.13/turn

%: no passive effects
@: very slow
A: AC +2, large, see invisible, deformed body, poison resistance, slowness 2,
spit poison 1, naga tail 1
a: Spit Poison


You were on level 3 of the Dungeon.
You visited 1 branch of the dungeon, and saw 3 of its levels.

You collected 182 gold pieces.

Inventory:

Hand Weapons
 a - a +2 whip of pain (weapon)
Missiles
 e - 16 stones
Armour
 d - a +0 robe (worn)
 l - a +0 helmet (worn)
 q - a +0 pair of gloves (worn)
Wands
 s - a wand of polymorph (9)
Scrolls
 g - a scroll of fear
 h - a scroll of noise
 j - a scroll of enchant armour
 k - a scroll of poison {unknown}
 r - a scroll of torment {unknown}
 t - a scroll of fog {unknown}
Potions
 b - a potion of magic
 c - 2 potions of invisibility {unknown}
 f - a potion of attraction {unknown}
 i - 3 potions of resistance {unknown}
 m - a potion of cancellation {unknown}
 n - 5 potions of curing {unknown}
 o - a potion of degeneration {unknown}
 p - a potion of brilliance {unknown}
 u - a potion of berserk rage {unknown}


   Skills:
 - Level 1.6 Dodging
 - Level 3.0 Stealth
 + Level 4.1 Spellcasting
 + Level 5.7 Conjurations


You had 10 spell levels left.
You knew the following spells:

 Your Spells              Type           Power      Damage    Failure   Level
a - Magic Dart            Conj           100%       1d8       1%          1
b - Searing Ray           Conj           54%        2d6       1%          2

Your spell library contained the following spells:

 Spells                   Type           Power      Damage    Failure   Level
 Blink                    Tloc           8%         N/A       19%         2
 Call Imp                 Summ           8%         N/A       19%         2
 Fugue of the Fallen      Necr           4%         N/A       36%         3
 Ozocubu's Armour         Ice            4%         N/A       36%         3
 Fulminant Prism          Conj/Alch      7%         3d7       36%         4
 Iskenderun's Mystic Bla  Conj/Tloc      15%        2d5       36%         4
 Manifold Assault         Tloc           4%         N/A       77%         4


Dungeon Overview and Level Annotations

Branches:
Dungeon (3/15)

Altars:

Shops:
D:3 *


Innate Abilities, Weirdness & Mutations

Your serpentine skin is tough. (AC +2)
You have supernaturally acute eyesight. (SInv)
Armour fits poorly on your strangely shaped body.
Your system is resistant to poisons. (rPois)
You cover ground very slowly.
You can spit poison.
You have a snake-like lower body.


Message History

Confirm with . or Enter, or press ? or * to list all spells.
Aiming: Searing Ray (safe; 1% risk of failure)
Press: ? - help, Shift-Dir - straight line, f - bombardier beetle
Aim: a bombardier beetle (87% to hit)
The searing ray hits the bombardier beetle.
The bombardier beetle is lightly wounded. (Press . to maintain the ray.) Unknown command.
The searing ray misses the bombardier beetle.
The searing ray hits the bombardier beetle.
The bombardier beetle is moderately wounded.
You have got your breath back.
The searing ray hits the bombardier beetle.
The bombardier beetle is severely wounded.
You finish channelling your searing ray.
Aiming: Spit Poison (1% risk of failure)
Press: ? - help, Shift-Dir - straight line, f/p - bombardier beetle
Aim: a bombardier beetle (severely wounded, 75% to hit)
The splash of poison hits the bombardier beetle!
The bombardier beetle is poisoned.
You kill the bombardier beetle!
Your Spellcasting skill increases to level 4!
You have reached level 6!
Your skin feels tougher.
You start resting.
You have got your breath back.
You start resting.
Magic restored.
A bat comes into view.
A bat is nearby!
Casting: Searing Ray (safe; 1% risk of failure)
Confirm with . or Enter, or press ? or * to list all spells.
Aiming: Magic Dart (safe; 1% risk of failure)
Press: ? - help, Shift-Dir - straight line, f - bat
Aim: a bat (asleep, 100% to hit)
The magic dart hits the bat!
You kill the bat!
Unknown command.
u - a dark potion Are you sure you want to abandon this character and quit the game? (Confirm with "yes".)

#.# ###..... #.#
#..... #.# #>.... #.#
#.#### #.#########
#.#### #.#.......#
#.....
#.#.......######.####
#.#..............####
#...@.....######.##..
###†......# #.##.#
#.......# #.....
#.......# ##....
######### #.#.# #.#.#
#.#.# #.#.# #....


There were no monsters in sight!

Vanquished Creatures
  A bombardier beetle (D:3)
  Jessica (D:3)
  Robin (D:3)
  7 adders
  3 dart slugs
  3 orcs
  3 ball pythons (D:1)
  5 endoplasms
  4 giant cockroaches
  11 goblins
  10 hobgoblins
  7 jackals (D:2)
  3 kobolds (D:1)
  2 quokkas
  8 bats
  4 frilled lizards
  8 rats
81 creatures vanquished.

Notes
Turn   | Place    | Note
-------+----------+-------------------------------------------
     0 | D:1      | Meow the Naga Conjurer began the quest for the Orb.
     0 | D:1      | Reached XP level 1. HP: 15/15 MP: 3/3
   137 | D:1      | Reached XP level 2. HP: 21/22 MP: 0/5
   140 | D:1      | Learned a level 2 spell: Searing Ray
   802 | D:2      | Reached XP level 3. HP: 28/28 MP: 4/7
  1015 | D:2      | Reached XP level 4. HP: 26/36 MP: 3/8
  1144 | D:2      | Reached skill level 5 in Conjurations
  1848 | D:2      | Reached XP level 5. HP: 29/42 MP: 1/10
  1938 | D:3      | Noticed Robin
  1991 | D:3      | Killed Robin
  2155 | D:3      | Noticed Jessica
  2167 | D:3      | Killed Jessica
  2186 | D:3      | Found Roohayf's Assorted Antiques.
  2465 | D:3      | Reached XP level 6. HP: 49/49 MP: 5/12
  2525 | D:3      | Quit the game

Illustrated notes

Levels and vault maps discovered:
D:1:      doesnt_arrival_eight_statues, layout_basic, nrook_uturn
D:2:      layout_loops_ring, roderic_lattice_a, minmay_pentomino_x4
D:3:      layout_loops_cross, mainiacjoe_overflow_alcove_2, serial_shops, shop,
          uniq_robin, uniq_jessica

Skill      XL: |  1  2  3  4  5 |
---------------+----------------+-----
Spellcasting   | 3 4 |  4.1
Conjurations   | 5 |  5.7
Dodging        | |  1.6
Stealth        | |  3.0

Action                     |  1- 3 |  4- 6 || total
---------------------------+-------+-------++-------
  Melee: Whip              |       |     3 ||     3
   Cast: Magic Dart        |    26 |    34 ||    60
         Searing Ray       |     6 |    18 ||    24
Ability: Spit Poison       |    17 |    28 ||    45
    Use: Scroll            |       |     3 ||     3
 Armour: Robe              |    15 |    28 ||    43
  Dodge: Dodged            |     8 |    14 ||    22

Table legend: (Time is in decaauts)
 A = Elapsed time spent in this place.
 B = Non-inter-level travel time spent in this place.
 C = Inter-level travel time spent in this place.
 D = Time resting spent in this place.
 E = Time spent auto-exploring this place.
 F = Levels seen in this place.
 G = Mean time per level.
                   A        B        C        D        E       F      G
               +--------+--------+--------+--------+--------+-----+--------+
         Total |   3087 |   2982 |    105 |    865 |   1696 |   3 | 1029.0 |
       Dungeon |   3087 |   2982 |    105 |    865 |   1696 |   3 | 1029.0 |
               +--------+--------+--------+--------+--------+-----+--------+

Top non-repeatable levels by time:
     D:2: 1517 daAuts
     D:1: 959 daAuts
     D:3: 611 daAuts
